 Dungeon Crawl Stone Soup version 0.30.1-9-gdf580d7c3d (webtiles) character file.

Game seed: 10040675102633616332

2651 Ivernyr the Cruncher (level 9, -7/64 HPs)
             Began as a Formicid Fighter on Oct 5, 2023.
             Was a Believer of Zin.
             Mangled by a manticore (10 damage)
             ... on level 8 of the Dungeon.
             The game lasted 00:13:24 (5412 turns).

Ivernyr the Cruncher (Formicid Fighter)             Turns: 5412, Time: 00:13:24

Health: -7/64      AC: 10    Str: 25    XL:     9   Next: 93%
Magic:  9/9        EV: 10    Int:  8    God:    Zin [**....]
Gold:   353        SH:  5    Dex: 13    Spells: 8/8 levels left

rFire   . . .        a - +0 quarterstaff
rCold   . . .        c - +0 buckler
rNeg    . . .        b - +0 swamp dragon scales
rPois   +            (helmet unavailable)
rElec   .            A - +0 cloak
rCorr   +            (no gloves)
SInv    +            h - +0 pair of boots
Will    +....        w - amulet of regeneration
Stlth   +            y - ring of resist corrosion
HPRegen 1.10/turn    H - ring of willpower
MPRegen 0.11/turn

%: no passive effects
@: mighty, spiked
A: permanent stasis, dig shafts and tunnels, antennae 3, four strong arms
a: Dig, Shaft Self, Renounce Religion, Recite, Vitalisation, Donate Gold


You were on level 8 of the Dungeon.
You worshipped Zin.
Zin was pleased with you.
You visited 2 branches of the dungeon, and saw 9 of its levels.

You collected 392 gold pieces.
You donated 39 gold pieces to Zin.

Inventory:

Hand Weapons
 a - a +0 quarterstaff (weapon)
Armour
 b - +0 swamp dragon scales (worn)
 c - a +0 buckler (worn)
 h - a +0 pair of boots (worn)
 A - a +0 cloak (worn)
Jewellery
 w - an amulet of regeneration (around neck)
 y - a ring of resist corrosion (left hand)
 H - a ring of willpower (right hand)
Wands
 r - a wand of light (6)
 E - a wand of paralysis (11)
Scrolls
 e - 6 scrolls of teleportation {unknown}
 f - 2 scrolls of immolation {unknown}
 j - 11 scrolls of identify {unknown}
 k - 2 scrolls of vulnerability {unknown}
 n - 3 scrolls of magic mapping {unknown}
 o - a scroll of brand weapon {unknown}
 q - 3 scrolls of noise {unknown}
 s - a scroll of poison {unknown}
 v - 2 scrolls of fog {unknown}
 B - a scroll of blinking {unknown}
 D - a scroll of fear {unknown}
 G - a scroll of silence {unknown}
Potions
 d - a potion of might
 g - 3 potions of curing {unknown}
 i - a potion of mutation {unknown}
 l - a potion of berserk rage {unknown}
 m - a potion of lignification {unknown}
 p - 4 potions of heal wounds {unknown}
 t - a potion of resistance {unknown}
 u - a potion of haste
 x - 2 potions of degeneration {unknown}
 z - a potion of brilliance {unknown}
 C - 2 potions of invisibility {unknown}
 F - a potion of cancellation {unknown}


   Skills:
 - Level 3.2 Fighting
 + Level 12.9 Staves
 - Level 3.2 Armour
 - Level 4.0 Shields


You had 8 spell levels left.
You didn't know any spells.
Your spell library contained the following spells:

 Spells                   Type           Power      Damage    Failure   Level
 Sting                    Tmut/Pois      0%         1d3       61%         1
 Cigotuvi's Dreadful Rot  Necr/Pois/Air  0%         N/A       75%         2
 Poisonous Vapours        Pois/Air       0%         N/A       75%         2
 Sublimation of Blood     Necr           0%         N/A       75%         2
 Wereblood                Tmut           0%         N/A       75%         2
 Dispel Undead            Necr           0%         3d6       100%        4
 Olgreb's Toxic Radiance  Pois           0%         N/A       100%        4
 Passage of Golubria      Tloc           0%         N/A       100%        4
 Silence                  Hex/Air        0%         N/A       100%        5
 Death Channel            Necr           0%         N/A       100%        6
 Summon Hydra             Summ           0%         N/A       100%        7
 Lehudib's Crystal Spear  Conj/Erth      0%         10d2      100%        8


Dungeon Overview and Level Annotations

Branches:
Dungeon (8/15)             Temple (1/1) D:6
   Lair: D:8-11

Altars:
Ashenzari
Cheibriados
Dithmenos
Elyvilon
Fedhas
Gozag
Hepliaklqana
Kikubaaqudgha
Makhleb
Nemelex Xobeh
Okawaru
Qazlal
Ru
Sif Muna
Trog
Uskayaw
Vehumet
Wu Jian
Yredelemnul
Zin

Shops:
D:1 *!


Innate Abilities, Weirdness & Mutations

You cannot be hasted, slowed, berserked, paralysed or teleported.
You can dig through walls and to a lower floor.
You have a pair of large antennae on your head. (SInv)
Your four strong arms can wield two-handed weapons with a shield.


Message History

The yak is almost dead.
You hit the yak but do no damage.
The yak is almost dead.
You block the yak's attack.
You hit the yak.
The yak is almost dead.
The yak barely misses you.
You hit the yak.
You kill the yak!
You start resting.
HP restored.
Things that are here:
a yak corpse; a yak corpse; a yak corpse
p - 4 clear potions (gained 1)
Found an escape hatch in the ceiling.
You sense a monster nearby.
A manticore comes into view.
You feel very mighty all of a sudden.
The manticore flicks its tail.
The volley of spikes hits you!
The barbed spikes become lodged in your body.
The barbs in your skin will harm you if you move.
Continue?
Okay, then.
The manticore flicks its tail.
The volley of spikes hits you!
The barbed spikes become lodged in your body.
You bludgeon the manticore!!
The manticore is heavily wounded.
The manticore bites you!! The manticore claws you.
The manticore completely misses you.
You hit the manticore.
The manticore is heavily wounded.
The manticore barely misses you. The manticore claws you!
* * * LOW HITPOINT WARNING * * *
The manticore claws you!
* * * LOW HITPOINT WARNING * * *
The barbs in your skin will harm you if you move.
Continue?
Are you sure you want to shaft yourself?
The manticore bites you!
You die...

### ######## +.#
#....#...# #.#
....#.#.. #.#
#...#.#.#
###.######...#.#.#
#.H@.........#.#.#
#.#..........#.#.#
..
#.......##<..#.#
#.
#..........#...###
#
#........#.#.##...
##.......#.#.##.#.
#.#######....#...
#.# ####.#... ...
#.####


You could see a manticore.

Vanquished Creatures
  Maggie (D:6)
  4 yaks (D:8)
  An ice beast (D:5)
  A black bear (D:6)
  A sky beast (D:6)
  A centaur (D:7)
  A phantom (D:6)
  3 bullfrogs
  6 scorpions
  6 wights
  2 howler monkeys
  A hound (D:6)
  3 orc priests
  2 iguanas
  2 orc wizards (D:3)
  4 gnolls
  9 adders
  A shadow imp (D:7)
  A white imp (D:6)
  An ufetubus (D:5)
  3 dart slugs
  15 orcs
  4 endoplasms
  2 giant cockroaches (D:1)
  6 goblins
  3 hobgoblins (D:3)
  6 jackals
  2 quokkas (D:3)
  7 ball pythons
  7 bats
  A frilled lizard (D:1)
  10 kobolds
  3 rats
120 creatures vanquished.

Notes
Turn   | Place    | Note
-------+----------+-------------------------------------------
     0 | D:1      | Ivernyr the Formicid Fighter began the quest for the Orb.
     0 | D:1      | Reached XP level 1. HP: 18/18 MP: 1/1
   127 | D:1      | Found Puntoj's Distillery.
   154 | D:1      | Reached XP level 2. HP: 24/24 MP: 2/2
   202 | D:1      | Reached skill level 3 in Staves
   242 | D:1      | Found Jeott's Assorted Antiques.
   297 | D:1      | Reached XP level 3. HP: 29/29 MP: 3/3
   602 | D:2      | Reached skill level 4 in Staves
   602 | D:2      | Reached XP level 4. HP: 25/35 MP: 4/4
  1318 | D:3      | Reached XP level 5. HP: 41/41 MP: 5/5
  1432 | D:3      | Reached skill level 5 in Staves
  1627 | D:3      | Reached XP level 6. HP: 36/47 MP: 6/6
  1906 | D:3      | Reached skill level 6 in Staves
  2241 | D:4      | Found a shadowy altar of Dithmenos.
  2477 | D:4      | Found an ancient bone altar of Kikubaaqudgha.
  2482 | D:4      | Found a broken altar of Ashenzari.
  2644 | D:5      | Entered Level 5 of the Dungeon
  2657 | D:5      | Reached XP level 7. HP: 52/52 MP: 7/7
  2721 | D:5      | Reached skill level 7 in Staves
  2850 | D:5      | Reached skill level 8 in Staves
  2912 | D:5      | Found a stormy altar of Qazlal.
  3446 | D:6      | Reached XP level 8. HP: 54/58 MP: 8/8
  3648 | D:6      | Reached skill level 9 in Staves
  3859 | D:6      | Noticed Maggie
  3862 | D:6      | Found a staircase to the Ecumenical Temple.
  3881 | D:6      | Killed Maggie
  3882 | D:6      | Reached skill level 10 in Staves
  4014 | D:6      | Found a radiant altar of Vehumet.
  4056 | D:6      | Reached XP level 9. HP: 57/64 MP: 9/9
  4351 | Temple   | Entered the Ecumenical Temple
  4422 | Temple   | Became a worshipper of Zin the Law-Giver
  4422 | Temple   | Reached * piety under Zin
  4528 | D:7      | Reached skill level 11 in Staves
  4587 | D:7      | Reached ** piety under Zin
  5267 | D:8      | Reached skill level 12 in Staves
  5406 | D:8      | Noticed a manticore
  5411 | D:8      | HP: 2/64 [manticore (10)]
  5412 | D:8      | Mangled by a manticore

Illustrated notes

Levels and vault maps discovered:
D:1:      ncdulo_halloftheorcs, layout_rooms, serial_shops, shop_fountains,
          shop, nrook_mini_vaults
D:2:      layout_basic, dreamdust_princess_bridge
D:3:      layout_basic
D:4:      layout_basic, nicolae_dithmenos_shadow_blocks,
          mainiacjoe_overflow_big_doors
D:5:      layout_loops_ring, grunt_qazlal_clouds
D:6:      layout_gridville, vehumet_crystals, temple_green, uniq_maggie
D:7:      layout_basic, chequers_serial_rivers_marsh
D:8:      layout_basic, mainiacjoe_overflow_24_doors,
          nicolae_tso_swordbearing_angel, nicolae_figureground_pulse
Temple:   hellmonk_temple_of_storms

Skill      XL: |  1  2  3  4  5  6  7  8  9 |
---------------+----------------------------+-----
Staves         | 3 4 5 6 8 10 12 | 12.9
Fighting       | |  3.2
Armour         | |  3.2
Shields        | |  4.0

Action                     |  1- 3 |  4- 6 |  7- 9 || total
---------------------------+-------+-------+-------++-------
  Melee: Quarterstaff      |    84 |   135 |   282 ||   501
Ability: Shaft Self        |       |       |     1 ||     1
    Use: Potion            |       |       |     1 ||     1
 Armour: Scale mail        |    48 |    45 |    37 ||   130
         Swamp dragon scal |       |       |    39 ||    39
  Dodge: Dodged            |    44 |    61 |   101 ||   206
  Block: Buckler           |    22 |    44 |    45 ||   111
